 Dungeon Crawl Stone Soup version 0.29-a0-266-gf56f883ddd (webtiles) character file.

Game seed: 6907684352969609399

25 Noname the Scratcher (level 2, -1/12 HPs)
             Began as a Felid Transmuter on Mar 6, 2022.
             Slain by a jackal (3 damage)
             ... on level 1 of the Dungeon.
             The game lasted 00:02:08 (1089 turns).

Noname the Scratcher (Felid Transmuter)             Turns: 1089, Time: 00:02:08

Health: -1/12      AC:  1    Str:  6    XL:     2   Next: 86%
Magic:  6/6        EV: 17    Int: 14    God:
Gold:   68         SH:  0    Dex: 16    Spells: 2/5 levels left
                                        Lives:  0   Deaths: 0

rFire   . . .      SeeInvis +     - Unarmed
rCold   . . .      Faith    .   (shield unavailable)
rNeg    . . .      Spirit   .   (body armour unavailable)
rPois   .          Reflect  .   (helmet unavailable)
rElec   .          Harm     .   (cloak unavailable)
rCorr   .          Rampage  .   (gloves unavailable)
Will    .....                   (boots unavailable)
Stlth   +.........              (no amulet)
HPRegen 0.04/turn               (no ring)
MPRegen 0.10/turn               (no ring)

@: quick
A: very small, claws 1, fangs 3, see invisible, speed 1, shaggy fur 1, stealthy
paws, no weapons or thrown items, no armour, multi-lived
a: no special abilities


You were on level 1 of the Dungeon.
You visited 1 branch of the dungeon, and saw 2 of its levels.

You collected 68 gold pieces.

Inventory:

Jewellery
 c - a ring of fire
Scrolls
 d - a scroll of identify {unknown}
Potions
 a - a potion of lignification
 b - a potion of curing {unknown}


   Skills:
 + Level 1.2 Fighting
 + Level 3.0 Dodging
 * Level 3.3 Unarmed Combat
 + Level 2.1 Spellcasting
 * Level 2.8 Transmutations


You had 2 spell levels left.
You knew the following spells:

 Your Spells              Type           Power      Damage    Failure   Level
a - Beastly Appendage     Tmut           18%        N/A       8%          1
b - Wereblood             Tmut           9%         N/A       11%         2

Your spell library contained the following spells:

 Spells                   Type           Power      Damage    Failure   Level
 Spider Form              Tmut/Pois      5%         N/A       36%         3
 Ice Form                 Ice/Tmut       5%         N/A       78%         4


Dungeon Overview and Level Annotations

Branches:
Dungeon (2/15)

Altars:
Zin


Innate Abilities, Weirdness & Mutations

You have sharp claws.
You have razor-sharp teeth.
You have supernaturally acute eyesight. (SInv)
You cover ground quickly. (Speed+)
You are covered in fur. (AC +1)
Your paws help you pounce on unaware monsters.
You are incapable of wielding weapons or throwing items.
You cannot wear armour.
You gain extra lives every three experience levels.


Message History

You kill the jackal!
You hear an angry hiss.
A frilled lizard comes into view.
The jackal bites you.
You see here a jackal corpse.
You take 2 damage, and have 10/12 hp.
MP restored: 6 You barely miss the jackal.
Your bite misses the jackal. The jackal bites you.
You take 2 damage, and have 8/12 hp.
You scratch the jackal but do no damage.
You bite the jackal.
The jackal is moderately wounded.
Your transformation is almost over.
The jackal bites you.
You take 1 damage, and have 7/12 hp.
You barely miss the jackal.
The jackal is moderately wounded.
The jackal closely misses you. The jackal bites you.
You take 2 damage, and have 5/12 hp.
The jackal attacks as you move away! The jackal misses you.
The jackal attacks as you move away! The jackal bites you.
You take 1 damage, and have 4/12 hp.
Your horns disappear.
The jackal completely misses you.
You see here a bat corpse.
The jackal attacks as you move away! The jackal bites you.
* * * LOW HITPOINT WARNING * * *
There is a stone staircase leading up here.
You take 2 damage, and have 3/12 hp.
The jackal bites you.
* * * LOW HITPOINT WARNING * * *
You climb upwards.
There is a stone staircase leading down here.
You take 1 damage, and have 2/12 hp.
The jackal closely misses you. The jackal attacks as you move away!
The jackal barely misses you.
You scratch the jackal. Your bite misses the jackal.
The jackal is almost dead.
The jackal bites you.
You die...

##### #....
################....
#>h@................
#.##############.... #.#
#........# #.... #)#
#........# #.... ##########.#
#........# #....
#......(...###........###....
##.#######...................
##....................#######
#..###.###.#..........##.....


You could see a jackal.

Vanquished Creatures
  3 ball pythons (D:1)
  A giant cockroach (D:2)
  4 goblins (D:1)
  A hobgoblin (D:1)
  5 jackals
  A quokka (D:1)
  3 bats
  2 frilled lizards (D:1)
  2 kobolds
22 creatures vanquished.

Vanquished Creatures (others)
  5 toadstools (D:1)
5 creatures vanquished.

Grand Total: 27 creatures vanquished

Notes
Turn   | Place    | Note
-------+----------+-------------------------------------------
     0 | D:1      | Noname the Felid Transmuter began the quest for the Orb.
     0 | D:1      | Reached XP level 1. HP: 9/9 MP: 4/4
   233 | D:1      | Reached XP level 2. HP: 12/12 MP: 6/6
   247 | D:1      | Learned a level 2 spell: Wereblood
   883 | D:1      | Found a faded altar of an unknown god.
  1028 | D:2      | Found a glowing silver altar of Zin.
  1089 | D:1      | Slain by a jackal

Illustrated notes

Levels and vault maps discovered:
D:1:      ldierk_walled_garden, layout_basic, shapermc_ecumenical_altar_petra,
          minmay_fountain_box
D:2:      layout_rooms, basic_altar, kennysheep_minor_cross,
          minmay_tromino_mix6, uniq_crazy_yiuf_cottage

Skill      XL: |  1  2 |
---------------+-------+-----
Dodging        | 3 |  3.0
Fighting       | |  1.2
Unarmed Combat | |  3.3
Spellcasting   | |  2.1
Transmutations | |  2.8

Action                   || total
-------------------------++-------
Melee: Unarmed           ||    52
       Headbutt          ||     7
       Bite              ||     4
       Punch             ||     1
 Cast: Beastly Appendage ||    15
Armor: Skin              ||     3
Dodge: Dodged            ||    37

Table legend: (Time is in decaauts)
 A = Elapsed time spent in this place.
 B = Non-inter-level travel time spent in this place.
 C = Inter-level travel time spent in this place.
 D = Time resting spent in this place.
 E = Time spent auto-exploring this place.
 F = Levels seen in this place.
 G = Mean time per level.
                   A        B        C        D        E       F      G
               +--------+--------+--------+--------+--------+-----+--------+
         Total |    974 |    965 |      9 |     13 |    782 |   2 |  487.0 |
       Dungeon |    974 |    965 |      9 |     13 |    782 |   2 |  487.0 |
               +--------+--------+--------+--------+--------+-----+--------+

Top non-repeatable levels by time:
     D:1: 911 daAuts
     D:2: 63 daAuts
